 Dungeon Crawl Stone Soup version 0.30-a0-859-gf88a04b62d (webtiles) character file.

Game seed: 6633444311834573370

11690 themarg the Summoner (level 11, -2/79 HPs)
             Began as a Merfolk Summoner on Mar 6, 2023.
             Was a High Priest of Sif Muna.
             Slain by a shadow (7 damage)
             ... on level 11 of the Dungeon on Mar 7, 2023.
             The game lasted 00:50:47 (13785 turns).

themarg the Summoner (Merfolk Summoner)            Turns: 13785, Time: 00:50:48

Health: -2/79      AC:  6    Str:  9    XL:     11   Next: 81%
Magic:  0/18       EV: 13    Int: 24    God:    Sif Muna [*****.]
Gold:   646        SH:  5    Dex: 15    Spells: 6/20 levels left

rFire   + . .      SeeInvis .    Y - +0 trident (protect)
rCold   . . .      Faith    +    i - +0 buckler
rNeg    . . .      Spirit   .    a - +0 robe
rPois   +          Reflect  .    A - +0 helmet
rElec   .          Rampage  .    (no cloak)
rCorr   +                        r - +0 pair of gloves
Will    .....                    L - +1 pair of boots
Stlth   ++                       J - amulet "Tudus" {Faith rF+ rCorr}
HPRegen 0.33/turn                H - +6 ring of intelligence
MPRegen 0.16/turn                M - ring of poison resistance

@: about to teleport
A: (nimble swimmer 2), mertail
a: Renounce Religion, Channel Magic, Forget Spell, Divine Exegesis


You were on level 11 of the Dungeon.
You worshipped Sif Muna.
Sif Muna was extremely pleased with you.
You visited 1 branch of the dungeon, and saw 11 of its levels.
You also visited: Sewer and Ossuary.

You collected 646 gold pieces.

Inventory:

Hand Weapons
 e - a +1 spear of flaming
 Y - a +0 trident of protection (weapon)
Missiles
 c - 4 throwing nets
 f - 7 javelins
 u - 10 poisoned darts (quivered)
 y - 8 boomerangs
 E - 2 curare-tipped darts
 F - 5 silver boomerangs
Armour
 a - a +0 robe (worn)
 i - a +0 buckler (worn)
 r - a +0 pair of gloves (worn)
 A - a +0 helmet (worn)
 L - a +1 pair of boots (worn)
 Q - +0 steam dragon scales
Jewellery
 h - a ring of fire
 m - a ring of magical power
 B - an amulet of regeneration
 H - a +6 ring of intelligence (left hand)
 J - the amulet "Tudus" (around neck) {Faith rF+ rCorr}
   (You found it on level 5 of the Dungeon)

   [amulet of faith]

   It allows you to gain divine favour quickly.
   rF:        It protects you from fire.
   rCorr:     It protects you from acid and corrosion.
 M - a ring of poison resistance (right hand)
 N - a ring of magical power
 X - a ring of resist corrosion
 Z - a ring of willpower
Wands
 O - a wand of flame (44)
 W - a wand of roots (15)
Scrolls
 d - 2 scrolls of vulnerability
 j - 2 scrolls of fog
 l - 4 scrolls of teleportation
 n - a scroll of enchant weapon {unknown}
 o - a scroll of poison {unknown}
 p - a scroll of brand weapon {unknown}
 q - 2 scrolls of magic mapping {unknown}
 s - 5 scrolls of summoning
 C - 3 scrolls of silence
 D - a scroll of enchant armour {unknown}
 I - a scroll of immolation {unknown}
 P - a scroll of torment {unknown}
 U - a scroll of fear {unknown}
Potions
 b - 2 potions of magic
 g - 2 potions of heal wounds
 k - 5 potions of mutation
 t - 4 potions of might
 v - 2 potions of invisibility
 w - a potion of brilliance {unknown}
 x - a potion of curing
 z - 2 potions of berserk rage
 G - a potion of degeneration {unknown}
 K - a potion of experience {unknown}
 R - 3 potions of haste
 S - 4 potions of attraction
 T - a potion of flight {unknown}
 V - 2 potions of lignification


   Skills:
 - Level 5.0 Fighting
 - Level 5.0 Dodging
 - Level 3.0 Stealth
 - Level 5.0 Shields
 - Level 5.0 Spellcasting
 + Level 13.9 Summonings
 + Level 3.6 Ice Magic
 - Level 5.0 Air Magic
 - Level 5.0 Invocations


You had 6 spell levels left.
You knew the following spells:

 Your Spells              Type           Power      Damage    Failure   Level
a - Summon Small Mammal   Summ           100%       N/A       1%          1
b - Call Imp              Summ           64%        N/A       1%          2
c - Call Canine Familiar  Summ           64%        N/A       1%          3
d - Summon Lightning Spi  Summ/Air       51%        N/A       2%          4
e - Summon Ice Beast      Ice/Summ       48%        N/A       3%          4

Your spell library contained the following spells:

 Spells                   Type           Power      Damage    Failure   Level
 Summon Guardian Golem    Hex/Summ       39%        N/A       1%          3
 Poisonous Vapours        Pois/Air       36%        N/A       6%          2
 Frozen Ramparts          Ice            46%        1d7       8%          3
 Apportation              Tloc           12%        N/A       11%         1
 Sting                    Tmut/Pois      24%        1d4       11%         1
 Sublimation of Blood     Necr           6%         N/A       17%         2
 Wereblood                Tmut           6%         N/A       17%         2
 Mephitic Cloud           Conj/Pois/Air  13%        N/A       17%         3
 Ice Form                 Ice/Tmut       14%        N/A       45%         4
 Anguish                  Hex/Necr       3%         N/A       73%         4
 Animate Dead             Necr           6%         N/A       73%         4
 Olgreb's Toxic Radiance  Pois           6%         N/A       73%         4
 Borgnjor's Vile Clutch   Necr/Erth      3%         N/A       97%         5
 Death Channel            Necr           3%         N/A       100%        6
 Summon Hydra             Summ           32%        N/A       30%         7
 Enfeeble                 Hex            3%         N/A       100%        7


Dungeon Overview and Level Annotations

Branches:
Dungeon (11/15)            Temple (0/1) D:5            Lair (0/5) D:8
  Sewer (visited)         Ossuary (visited)
    Orc: D:9-12

Altars:
Gozag
Makhleb
Sif Muna
Vehumet
Wu Jian
Yredelemnul
Zin

Shops:
D:6 (

Annotations:
D:3 Grinder
D:7 3 runed translucent doors, Dittersdorf's ghost, novice GrFi


Innate Abilities, Weirdness & Mutations

((You are very nimble when in or above water. (Stealth+, EV+, Speed+++)))
Your lower body shifts to a powerful aquatic tail in water.


Message History

The shadow strikes at you from the darkness!
Something hits you! Something bites you!
Something draws strength from your injuries!
Your lightning spire shoots out a bolt of lightning at the centaur warrior zombie!
The bolt of electricity hits the centaur warrior zombie!
The shadow strikes at you from the darkness!
* * * LOW HITPOINT WARNING * * *
Reactivating autopickup.
You feel much better. Something hits you.
Deactivating autopickup; reactivate with Ctrl-A.
Something bites you!
* * * LOW HITPOINT WARNING * * *
Something draws strength from your injuries!
The shadow misses you.
As you read the scroll of teleportation, it crumbles to dust.
You feel strangely unstable. Something hits you but does no damage.
Something bites you but does no damage.
The centaur warrior zombie hits your lightning spire but does no damage.
The centaur warrior zombie barely misses your lightning spire.
Your warg barely misses something.
The shadow barely misses you.
You feel much better.
Your lightning spire disappears in a puff of smoke!
Your warg bites something!
Something hits you! Something bites you.
* * * LOW HITPOINT WARNING * * *
Something draws strength from your injuries!
The shadow hits you.
* * * LOW HITPOINT WARNING * * *
The centaur warrior zombie hits your warg.
The centaur warrior zombie barely misses your warg.
An electric hum fills the air.
Your warg bites something but does no damage.
Something hits you!
* * * LOW HITPOINT WARNING * * *
Something bites you.
* * * LOW HITPOINT WARNING * * *
Something draws strength from your injuries!
The centaur warrior zombie hits your warg.
The centaur warrior zombie kicks your warg.
Your warg bites something!
The shadow hits you!
You die...

#....÷<.......#.........#
#.............#.........#
#.............#.........#
#.......................#
########'#'#............#
#......#.'......=.....#
#.######.#............#
#.#............#
#.#..@.........#
#.#.#.W{h........#
#.#.#8[.Z........#
#.#.#............#
####.#.#...§........#
#$... #............
#..#+#....(......
#........#######
##.......#


You could see a shadow (ally target), a centaur warrior zombie (distracted), a
friendly warg (summoned) and a friendly lightning spire (summoned).

Vanquished Creatures
  A yak (D:10)
  A vampire mosquito (D:11)
  A water moccasin (D:4)
  2 bullfrogs
  A scorpion (D:5)
  A water moccasin zombie (Ossuary)
  A killer bee (D:9)
  A sleepcap (D:6)
  3 gnolls
  2 worms
  4 orcs
  A ball python (D:4)
  2 bats
  An endoplasm (D:4)
  A giant cockroach (D:1)
  2 hobgoblins
  A quokka (D:2)
  9 kobolds
  3 rats (Sewer)
38 creatures vanquished.

Vanquished Creatures (collateral kills)
  Gastronok (D:10)
  Josephine (D:10)
  2 two-headed ogres
  2 centaur zombies (D:11)
  A kobold demonologist (D:9)
  2 trolls
  Prince Ribbit (D:6)
  A shadow (D:7)
  A wyvern (D:8)
  4 wraiths (D:10)
  3 vampires
  7 yaks
  2 steam dragons
  3 vampire mosquitoes (D:11)
  An ice beast (D:7)
  2 black bears
  An orc warrior (D:8)
  A sky beast (D:8)
  An ogre (D:5)
  9 centaurs
  An elf zombie (D:8)
  A kobold brigand (Sewer)
  A phantom (D:4)
  3 scorpions
  3 bullfrogs
  A gnoll sergeant (D:9)
  8 wights
  6 killer bees
  3 howler monkeys
  2 hounds (D:6)
  2 human zombies (D:8)
  2 jellies
  An orc priest (D:10)
  A gnoll bouda (D:6)
  3 human skeletons (D:8)
  Jessica (D:2)
  An iguana (D:4)
  Natasha (thrice) (D:3)
  4 orc wizards
  A sleepcap (D:4)
  2 mummies (Ossuary)
  6 adders
  10 gnolls
  4 adder zombies (Ossuary)
  8 worms
  A dart slug (D:1)
  17 orcs
  7 ball pythons
  9 endoplasms
  2 giant cockroaches
  4 gnoll zombies (Ossuary)
  4 goblins
  5 hobgoblins
  5 jackals
  2 quokkas (D:4)
  3 training dummies (D:6)
  A bat (D:1)
  A frilled lizard (D:2)
  5 hobgoblin zombies (Ossuary)
  8 kobolds
  6 kobold zombies (Ossuary)
  7 orc zombies (Ossuary)
  7 rats
218 creatures vanquished.

Vanquished Creatures (others)
  A killer bee (D:8)
1 creature vanquished.

Grand Total: 257 creatures vanquished

Notes
Turn   | Place    | Note
-------+----------+-------------------------------------------
     0 | D:1      | themarg the Merfolk Summoner began the quest for the Orb.
     0 | D:1      | Reached XP level 1. HP: 13/13 MP: 3/3
   353 | D:1      | Reached XP level 2. HP: 19/19 MP: 1/5
   866 | D:1      | Learned a level 2 spell: Call Imp
  1421 | D:2      | Reached XP level 3. HP: 24/24 MP: 0/6
  1630 | D:2      | Got Qikleih's Volume of Fulgurous Wanderlust
  1981 | D:2      | Reached skill level 5 in Summonings
  2215 | D:2      | Noticed Jessica
  2284 | D:1      | Reached XP level 4. HP: 21/30 MP: 1/7
  2349 | D:2      | Killed Jessica
  2704 | D:3      | Learned a level 3 spell: Call Canine Familiar
  2769 | D:3      | Reached skill level 6 in Summonings
  2769 | D:3      | Reached XP level 5. HP: 27/35 MP: 1/8
  3060 | D:3      | Noticed Grinder
  3312 | D:3      | Found a faded altar of an unknown god.
  3317 | D:3      | Noticed Natasha
  3326 | D:3      | Killed Natasha
  3395 | D:3      | Found a shimmering blue altar of Sif Muna.
  3415 | D:3      | Became a worshipper of Sif Muna the Loreminder
  3645 | D:3      | Noticed Natasha
  3652 | D:3      | Killed Natasha
  3653 | D:3      | Reached XP level 6. HP: 41/41 MP: 2/9
  3807 | D:3      | Noticed Natasha
  3813 | D:3      | Killed Natasha
  3814 | D:3      | Reached skill level 7 in Summonings
  4119 | D:4      | Reached skill level 8 in Summonings
  4119 | D:4      | Reached XP level 7. HP: 39/46 MP: 3/10
  4684 | D:4      | Reached skill level 1 in Air Magic
  5105 | D:5      | Entered Level 5 of the Dungeon
  5508 | D:5      | Found a staircase to the Ecumenical Temple.
  5844 | D:5      | Reached XP level 8. HP: 52/52 MP: 6/11
  5917 | D:5      | Identified the amulet "Tudus" {Faith rF+ rCorr}
  6003 | D:5      | Found a basalt altar of Yredelemnul.
  6156 | D:6      | Reached skill level 9 in Summonings
  6202 | D:6      | Reached * piety under Sif Muna
  6225 | D:6      | Found an opulent altar of Gozag.
  6284 | D:6      | Found a glowing drain.
  6307 | Sewer    | Entered a sewer
  6829 | Sewer    | Reached ** piety under Sif Muna
  6830 | Sewer    | Reached skill level 10 in Summonings
  7267 | D:6      | Noticed Prince Ribbit
  7284 | D:6      | Killed Prince Ribbit
  7290 | D:6      | Learned a level 4 spell: Summon Lightning Spire
  7584 | D:6      | Reached skill level 5 in Dodging
  7584 | D:6      | Reached XP level 9. HP: 57/64 MP: 3/12
  7805 | D:6      | Found Catopiag's Firing Range.
  8156 | D:7      | Found a runed translucent gate.
  8158 | D:7      | Found a runed translucent gate.
  8158 | D:7      | Noticed Dittersdorf's ghost (novice GrFi)
  8160 | D:7      | Found a runed translucent gate.
  8245 | D:7      | Reached skill level 5 in Fighting
  8270 | D:7      | Found a radiant altar of Vehumet.
  9139 | D:8      | Reached skill level 5 in Air Magic
  9183 | D:8      | Reached skill level 1 in Invocations
  9321 | D:8      | Found a sand-covered staircase.
  9332 | Ossuary  | Entered an ossuary
  9435 | Ossuary  | Reached *** piety under Sif Muna
  9780 | D:8      | Found a staircase to the Lair.
  9965 | D:8      | Reached **** piety under Sif Muna
  9966 | D:8      | Reached skill level 5 in Invocations
 10027 | D:8      | Reached XP level 10. HP: 64/74 MP: 9/14
 10745 | D:9      | Reached skill level 1 in Shields
 10745 | D:9      | Reached skill level 11 in Summonings
 10896 | D:9      | Noticed a kobold demonologist
 10914 | D:9      | Killed a kobold demonologist
 11074 | D:9      | Noticed a two-headed ogre
 11087 | D:9      | Killed a two-headed ogre
 11366 | D:9      | Found an ornate altar of the Wu Jian Council.
 11513 | D:9      | Found a burning altar of Makhleb.
 11718 | D:10     | Entered Level 10 of the Dungeon
 11814 | D:10     | Noticed Gastronok
 11843 | D:10     | Killed Gastronok
 11844 | D:10     | Reached skill level 5 in Shields
 11844 | D:10     | Reached skill level 12 in Summonings
 11844 | D:10     | Reached XP level 11. HP: 79/79 MP: 14/18
 11875 | D:10     | Found a glowing silver altar of Zin.
 11985 | D:10     | Reached skill level 5 in Spellcasting
 12142 | D:10     | Noticed a two-headed ogre
 12151 | D:10     | Killed a two-headed ogre
 12396 | D:10     | Noticed Josephine
 12401 | D:10     | Killed Josephine
 12406 | D:10     | Reached skill level 13 in Summonings
 12423 | D:10     | Reached ***** piety under Sif Muna
 13011 | D:10     | Identified the +4 war axe of themarg's Sudden Death
                  | {freeze, rPois rF+ Int-3 Dex+5}
 13444 | D:11     | Reached skill level 1 in Ice Magic
 13706 | D:11     | Learned a level 4 spell: Summon Ice Beast
 13785 | D:11     | Slain by a shadow

Illustrated notes

Levels and vault maps discovered:
D:1:      wheals_arrival_linesprint, layout_loops_corners
D:2:      layout_basic, uniq_jessica
D:3:      layout_loops_ring, nicolae_sif_muna_condensation,
          chequers_ecumenical_altar_simple, grunt_ministairs_7, uniq_grinder,
          uniq_natasha
D:4:      layout_cave_pods, nicolae_overflow_hidden_temple
D:5:      layout_loops_ring, kennysheep_mini, minmay_temple_entry_nine_rooms
D:6:      layout_basic, grunt_gozag_breadcrumbs, cheibrodos_sewer_entry_bend,
          nicolae_shop_firing_range, uniq_prince_ribbit1
D:7:      layout_basic, vehumet_crystals, gammafunk_ghost_nasty_kobolds
D:8:      layout_basic, lair_entry_dummy, nicolae_ossuary_entry_catacombs
D:9:      layout_small_grid, lemuel_round_altar, general_overflow_altar
D:10:     layout_layer_cave, overflow_temple_1_default, uniq_josephine,
          uniq_gastronok
D:11:     layout_basic, serial_undead, serial_undead_e, serial_undead_e,
          serial_undead_f, serial_undead_e, uniq_nergalle

Skill      XL: |  1  2  3  4  5  6  7  8  9 10 11 |
---------------+----------------------------------+-----
Stealth        | 3 |  3.0
Summonings     | 5 6 8 10 12 13 | 13.9
Air Magic      | 2 3 5 |  5.0
Fighting       | 3 5 |  5.0
Dodging        | 5 |  5.0
Spellcasting   | 3 4 5 |  5.0
Invocations    | 5 |  5.0
Shields        | 5 |  5.0
Ice Magic      | 3 |  3.6

Action                     |  1- 3 |  4- 6 |  7- 9 | 10-12 || total
---------------------------+-------+-------+-------+-------++-------
  Melee: Unarmed           |     1 |       |       |       ||     1
         Dagger            |    14 |       |       |       ||    14
         Spear             |    10 |    70 |   199 |     2 ||   281
         Punch             |     2 |     1 |     5 |       ||     8
         Tailslap          |       |       |     2 |       ||     2
         Trident           |       |       |       |    82 ||    82
  Throw: Dart              |       |       |       |     7 ||     7
   Cast: Summon Small Mamm |    49 |    20 |    30 |     2 ||   101
         Call Imp          |    12 |    16 |    29 |     9 ||    66
         Call Canine Famil |       |    14 |    38 |    33 ||    85
         Summon Lightning  |       |       |    20 |    32 ||    52
 Invoke: Channel Magic     |       |       |     1 |     2 ||     3
  Evoke: Wand              |       |       |     3 |     1 ||     4
    Use: Scroll            |       |       |    12 |     3 ||    15
         Potion            |       |       |     1 |     5 ||     6
   Stab: Distracted        |       |     2 |     5 |     5 ||    12
         Sleeping          |       |       |     1 |       ||     1
 Armour: Robe              |     3 |     3 |    17 |    50 ||    73
  Dodge: Dodged            |    20 |    27 |    87 |    88 ||   222
  Block: Buckler           |       |       |       |    12 ||    12

Table legend: (Time is in decaauts)
 A = Elapsed time spent in this place.
 B = Non-inter-level travel time spent in this place.
 C = Inter-level travel time spent in this place.
 D = Time resting spent in this place.
 E = Time spent auto-exploring this place.
 F = Levels seen in this place.
 G = Mean time per level.
                   A        B        C        D        E       F      G
               +--------+--------+--------+--------+--------+-----+--------+
         Total |  13725 |  13348 |    377 |   1130 |   9669 |  13 | 1055.8 |
       Dungeon |  12589 |  12212 |    377 |    836 |   9253 |  11 | 1144.5 |
         Sewer |    737 |    737 |      0 |     54 |    415 |   1 |  737.0 |
       Ossuary |    398 |    398 |      0 |    240 |      0 |   1 |  398.0 |
               +--------+--------+--------+--------+--------+-----+--------+

Top non-repeatable levels by time:
    D:10: 1750 daAuts
     D:1: 1518 daAuts
     D:3: 1415 daAuts
     D:4: 1193 daAuts
     D:7: 1134 daAuts
     D:9: 1129 daAuts
     D:8: 1112 daAuts
     D:5: 996 daAuts
     D:2: 990 daAuts
     D:6: 989 daAuts
   Sewer: 737 daAuts
 Ossuary: 398 daAuts
    D:11: 357 daAuts
